 Dungeon Crawl Stone Soup version 0.17.0-28-g6e173f8 (webtiles) character file.

109 lucasterio the Ruffian (level 4, -1/36 HPs)
             Began as a Draconian Transmuter on Nov 24, 2015.
             Slain by Crazy Yiuf
             ... wielding a +4 quarterstaff of chaos
              (6 damage)
             ... on level 3 of the Dungeon.
             The game lasted 00:09:16 (2796 turns).

lucasterio the Ruffian (Draconian Transmuter)       Turns: 2796, Time: 00:09:16

Health: -1/36      AC:  5    Str: 12    XL:     4   Next: 59%
Magic:  6/8        EV: 12    Int: 15    God:
Gold:   111        SH:  0    Dex: 11    Spells: 2 memorised, 5 levels left

rFire  x . .     SeeInvis .       - Unarmed
rCold  + . .     Clarity  .     (armour unavailable)
rNeg   . . .     SustAt   .     (no shield)
rPois  .         Gourm    .     (helmet restricted)
rElec  .         Spirit   .     (no cloak)
rCorr  .         Warding  .     (no gloves)
rMut   .         Stasis   .     (boots currently unavailable)
MR     .....                    (no amulet)
Stlth  ++........               v - ring of stealth
                                g - ring of ice

@: lethally poisoned (-1 -> -8), appendage (expiring), drained, not resistant to
hostile enchantments, unstealthy
A: unfitting armour, talons 3, cold-blooded, AC +5
a: End Transformation


You were on level 3 of the Dungeon.
You were not hungry.
You had grown temporary talons.
You visited 1 branch of the dungeon, and saw 3 of its levels.

You collected 111 gold pieces.

Inventory:

Hand Weapons
 e - a +3 dagger
Missiles
 a - 22 arrows
Armour
 d - a +0 buckler
 k - a +0 pair of gloves
Magical Staves
 t - an uncursed staff of earth
Jewellery
 g - a ring of ice (left hand)
 v - a ring of stealth (right hand)
Scrolls
 h - 2 scrolls of recharging {unknown}
 j - a scroll of enchant weapon {unknown}
 n - a scroll of remove curse {unknown}
 p - a scroll of amnesia {unknown}
 q - a scroll of teleportation {unknown}
Potions
 f - 2 potions of curing {unknown}
 o - a potion of flight {unknown}
 r - a potion of heal wounds {unknown}
 s - 2 potions of lignification {unknown}
Books
 b - a book of Changes

   Spells                             Type                      Level
   a - Beastly Appendage              Transmutation                1
   b - Sticks to Snakes               Transmutation                2
   c - Spider Form                    Transmutation/Poison         3
   d - Ice Form                       Ice/Transmutation            4
   e - Blade Hands                    Transmutation                5
Comestibles
 c - 3 bread rations
 i - a slice of pizza
 l - a beef jerky
 m - 2 meat rations
 u - 6 chunks of flesh


   Skills:
 + Level 2.0(1.7) Fighting
 + Level 2.4(2.2) Dodging
 + Level 3.3(3.0) Unarmed Combat
 + Level 2.6(2.4) Spellcasting
 * Level 3.3(3.0) Transmutations


You had 5 spell levels left.
You knew the following spells:

 Your Spells              Type           Power        Failure   Level  Hunger
a - Beastly Appendage     Trmt           ##....       8%          1    #......
b - Sticks to Snakes      Trmt           ##........   12%         2    ###....


Dungeon Overview and Level Annotations

Branches:
Dungeon (3/15)

Altars:

Annotations:
D:3 Crazy Yiuf


Innate Abilities, Weirdness & Mutations

Your plain brown scales are hard (AC +5).
Your body does not fit into most forms of armour.
You are cold-blooded and may be slowed by cold attacks.
You have claws for feet.


Message History

Crazy Yiuf cries, "Castle sallow illywillydillykilly!"
Crazy Yiuf hits you with a quarterstaff of chaos.
* * * LOW HITPOINT WARNING * * *
You hit Crazy Yiuf but do no damage.
Crazy Yiuf is moderately wounded.
You hit Crazy Yiuf. You claw Crazy Yiuf, but do no damage.
Crazy Yiuf is heavily wounded.
Crazy Yiuf hits you with a quarterstaff of chaos.
* * * LOW HITPOINT WARNING * * *
You are lethally poisoned!
You closely miss Crazy Yiuf. Your kick misses Crazy Yiuf.
Crazy Yiuf is heavily wounded.
* * * LOW HITPOINT WARNING * * *
You feel sick. Crazy Yiuf completely misses you.
You hit Crazy Yiuf but do no damage.
Crazy Yiuf is heavily wounded.
* * * LOW HITPOINT WARNING * * *
You feel sick.
Crazy Yiuf hits you with a quarterstaff of chaos.
You die...

# . ##.######
#........ #........
#........
#######......). ###
###.#..#.........
#...##..#.............
#...g@####............
#)..### ##.#.........
### ####........
##'###### #.######
#.##.... #.#.....
#.#..... #.#.....


You could see Crazy Yiuf.

Vanquished Creatures
  Robin (D:2)
  3 gnolls (D:2)
  An adder (D:2)
  A worm (D:2)
  2 giant geckos (D:2)
  11 goblins
  9 hobgoblins (D:2)
  9 kobolds
  A quokka (D:2)
  3 bats
  3 giant cockroaches
  5 giant newts
  5 rats
54 creatures vanquished.

Notes
Turn   | Place    | Note
--------------------------------------------------------------
     0 | D:1      | lucasterio the Draconian Transmuter began the quest for the Orb.
     0 | D:1      | Reached XP level 1. HP: 16/16 MP: 3/3
   646 | D:1      | Reached XP level 2. HP: 23/23 MP: 5/5
  1322 | D:2      | Reached XP level 3. HP: 26/28 MP: 6/6
  1569 | D:2      | Reached XP level 4. HP: 17/36 MP: 7/7
  1788 | D:2      | Noticed Robin
  1826 | D:2      | Killed Robin
  2613 | D:2      | Learned a level 2 spell: Sticks to Snakes
  2778 | D:3      | Noticed Crazy Yiuf
  2796 | D:3      | Slain by Crazy Yiuf

Action                   |  1- 3 |  4- 6 || total
-------------------------+-------+-------++-------
Melee: Unarmed           |   131 |   126 ||   257
 Cast: Beastly Appendage |     1 |     2 ||     3
       Sticks to Snakes  |       |     1 ||     1
 Stab: Sleeping          |       |     1 ||     1
  Eat: Chunk             |     2 |     4 ||     6
